 Dungeon Crawl Stone Soup version 0.19-a0-831-gce7da8b (webtiles) character file.

410 4thArraOfDagon the Chopper (level 6, -1/56 HPs)
             Began as a Minotaur Abyssal Knight on June 30, 2016.
             Was a Believer of Lugonu.
             Slain by a gnoll (6 damage)
             ... on level 6 of the Dungeon.
             The game lasted 00:05:47 (1147 turns).

4thArraOfDagon the Chopper (MiAK)                   Turns: 1147, Time: 00:05:48

Health: -1/56      AC:  7    Str: 16      XL:     6   Next: 58%
Magic:  7/7        EV:  9    Int: 10 (11) God:    Lugonu [**....]
Gold:   90         SH:  0    Dex: 10      Spells: 0 memorised, 5 levels left

rFire  . . .     SeeInvis .     j - +0 war axe
rCold  + . .     Gourm    .     l - +0 scale mail
rNeg   . . .     Faith    .     (no shield)
rPois  .         Spirit   .     (helmet restricted)
rElec  .         Dismiss  .     (no cloak)
rCorr  .         Reflect  .     (no gloves)
SustAt .         Harm     .     (no boots)
MR     .....                    (no amulet)
Stlth  +.........               (no ring)
                                i - ring of stealth

@: not resistant to hostile enchantments, very unstealthy
A: retaliatory headbutt, horns 2, cold resistance 1, deterioration 1, screaming
1
a: Depart the Abyss, Bend Space, Renounce Religion


You were on level 6 of the Dungeon.
You worshipped Lugonu.
Lugonu was pleased with you.
You were not hungry.

You visited 1 branch of the dungeon, and saw 6 of its levels.
You visited the Abyss 1 time.

You collected 90 gold pieces.

Inventory:

Hand Weapons
 a - a +1 hand axe
 j - a +0 war axe (weapon)
Armour
 l - a +0 scale mail (worn)
Jewellery
 i - a ring of stealth (left hand)
Wands
 b - a wand of paralysis (8/24)
Scrolls
 e - a scroll of blinking {unknown}
 g - a scroll of teleportation {unknown}
 h - a scroll of enchant weapon {unknown}
 k - 3 scrolls of remove curse
 n - a scroll of enchant armour {unknown}
 o - a scroll of magic mapping {unknown}
Potions
 f - a potion of ambrosia
 m - a potion of magic
Comestibles
 c - 2 bread rations
 d - 3 meat rations
 p - a chunk of flesh


   Skills:
 + Level 5.2 Fighting
 * Level 5.7 Axes
 + Level 4.0 Armour
 - Level 1.1 Dodging
 + Level 3.6 Invocations


You had 5 spell levels left.
You didn't know any spells.

Dungeon Overview and Level Annotations

Branches:
Dungeon (6/15)
 Temple: D:4-7

Altars:
Qazlal

Annotations:
D:3 Borgoz's ghost, weakling MfTm


Innate Abilities, Weirdness & Mutations

You reflexively headbutt those who attack you in melee.
You have a pair of horns on your head.
Your flesh is cold resistant. (rC+)
Your body sometimes deteriorates upon taking damage.
You occasionally shout uncontrollably at your foes.


Message History

You headbutt the gnoll sergeant! The gnoll barely misses you.
The gnoll closely misses you. You furiously retaliate!
You headbutt the gnoll.
You kill the gnoll!
Lugonu accepts your kill.
You feel your strength returning. The gnoll hits you.
* * * LOW HITPOINT WARNING * * *
The gnoll sergeant hits you with a trident.
* * * LOW HITPOINT WARNING * * *
Unknown command.
Unknown command.
You slash the gnoll sergeant!
You kill the gnoll sergeant!
Lugonu accepts your kill.
Your Armour skill increases to level 4!
You feel your intelligence returning.
You closely miss the gnoll. x2
You hear the slow rusting of a very distant drain.
The gnoll hits you.
You die...

..... ......
...... ......
......########.
...............
...............
.....#.<.......
......)@)......
......gsg.).$..
...........##..
.....?[.#.## #
....##.....
...# ###%.##
... .%. .. #.#


You could see a scorpion and 2 gnolls.

Vanquished Creatures
  A gnoll sergeant (D:6)
  2 crimson imps (D:5)
  A jelly (D:5)
  An orc priest (D:4)
  A giant frog skeleton (D:6)
  A centaur skeleton (D:4)
  A hound zombie (D:5)
  3 gnolls (D:6)
  5 adders
  A shadow imp (D:5)
  3 oozes (D:5)
  A dart slug (D:1)
  4 giant geckos
  6 orcs (D:4)
  2 giant cockroaches
  4 goblins
  4 hobgoblins
  6 jackals
  A quokka (D:3)
  A ball python (D:5)
  3 bats
  2 giant newts
  5 kobolds
  2 rats
61 creatures vanquished.

Notes
Turn   | Place    | Note
--------------------------------------------------------------
     0 | Abyss:1  | 4thArraOfDagon the Minotaur Abyssal Knight began the quest for the Orb.
     0 | Abyss:1  | Reached XP level 1. HP: 19/19 MP: 1/1
    35 | Abyss:1  | Found a corrupted altar of Lugonu.
    38 | Abyss:1  | Noticed a smoke demon
    63 | Abyss:1  | Noticed a wretched star
    80 | Abyss:1  | Noticed a hell hog
    81 | D:1      | Escaped the Abyss
   114 | D:1      | Reached * piety under Lugonu
   128 | D:1      | Reached XP level 2. HP: 12/27 MP: 2/2
   341 | D:3      | Noticed Borgoz's ghost (weakling MfTm)
   341 | D:3      | Reached XP level 3. HP: 15/33 MP: 3/3
   358 | D:3      | Gained mutation: Your body sometimes deteriorates upon taking damage. [potion of mutation]
   358 | D:3      | Gained mutation: You occasionally shout uncontrollably at your foes. [potion of mutation]
   358 | D:3      | Gained mutation: Your flesh is cold resistant. (rC+) [potion of mutation]
   642 | D:4      | Reached XP level 4. HP: 40/40 MP: 4/4
   657 | D:4      | Reached ** piety under Lugonu
   768 | D:5      | Entered Level 5 of the Dungeon
   771 | D:5      | Reached XP level 5. HP: 23/47 MP: 6/6
   911 | D:5      | Found a stormy altar of Qazlal.
  1039 | D:5      | Reached skill level 5 in Axes
  1106 | D:6      | Noticed a water moccasin
  1110 | D:5      | Reached skill level 5 in Fighting
  1110 | D:5      | Reached XP level 6. HP: 52/56 MP: 7/7
  1147 | D:6      | Slain by a gnoll

Vault maps used:
D:1:      dpeg_arrival_short_road
D:2:      minmay_roachtagon, old_standard_altar, johnstein_pakellas_shop,
          first_bread, trog_three_pillars_becter
D:3:      minmay_misc_feat_tiny
D:4:      hangedman_decor_push, wad_orctagon
D:5:      nicolae_ashenzari_panopticon, grunt_qazlal_clouds,
          hangedman_abyss_or_decor_jellyfish_corner
D:6:      grunt_gozag_statues, nicolae_overflow_crystal_walls,
          gup_sewer_entry_glass, uniq_eustachio, uniq_pikel

Skill      XL: |  1  2  3  4  5  6 |
---------------+-------------------+-----
Axes           | 3 4 5 |  5.7
Invocations    | 2 3 |  3.6
Fighting       | 4 5 |  5.2
Armour         | 3 4 |  4.0
Dodging        | |  1.1

Action                   |  1- 3 |  4- 6 || total
-------------------------+-------+-------++-------
Melee: Hand axe          |    76 |    65 ||   141
       Headbutt          |    10 |    15 ||    25
       War axe           |       |    25 ||    25
Throw: Throwing net      |       |     1 ||     1
Invok: Depart the Abyss  |     1 |       ||     1
  Use: Potion            |     6 |       ||     6
       Scroll            |       |     3 ||     3
  Eat: Chunk             |       |     1 ||     1
Armor: Leather armour    |    33 |     2 ||    35
       Scale mail        |       |    28 ||    28
Dodge: Dodged            |    64 |    53 ||   117
